 Dungeon Crawl Stone Soup version 0.30-a0-605-gb2882149bf (webtiles) character file.

Game seed: 11593936574273685447

46 sokol815 the Chopper (level 3, -1/26 HPs)
             Began as an Octopode Fighter on Jan 7, 2023.
             Slain by a goblin
             ... wielding a +0 dagger
             ... led by Robin
              (3 damage)
             ... on level 2 of the Dungeon.
             The game lasted 00:02:00 (1115 turns).

sokol815 the Chopper (Octopode Fighter)             Turns: 1115, Time: 00:02:00

Health: -1/26      AC:  1    Str: 15    XL:     3   Next: 66%
Magic:  3/3        EV: 13    Int: 12    God:
Gold:   39         SH:  4    Dex: 11    Spells: 2/2 levels left

rFire   . . .      SeeInvis .    a - +0 war axe
rCold   . . .      Faith    .    b - +0 buckler
rNeg    . . .      Spirit   .    (helmet restricted)
rPois   .          Reflect  .    e - amulet of magic regeneration
rElec   .          Harm     .    Z - ring of wizardry {Wiz+, !d}
rCorr   .          Rampage  .    (no ring)
Will    .....                    (no ring)
Stlth   ++                       (no ring)
HPRegen 0.24/turn                (no ring)
MPRegen 0.48/turn                (no ring)
                                 (no ring)
                                 (no ring)

@: no status effects
A: almost no armour, amphibious, 8 rings, camouflage 1, gelatinous body 1,
(nimble swimmer 1), tentacles
a: no special abilities


You were on level 2 of the Dungeon.
You visited 1 branch of the dungeon, and saw 2 of its levels.

You collected 39 gold pieces.

Inventory:

Hand Weapons
 a - a +0 war axe (weapon)
Missiles
 f - a throwing net {!d}
Armour
 b - a +0 buckler (worn)
Magical Staves
 d - a staff of poison {rPois}
   (You found it on level 1 of the Dungeon)
Jewellery
 e - an amulet of magic regeneration (around mantle)
   (You found it on level 1 of the Dungeon)
 Z - a ring of wizardry (left tentacle) {Wiz+, !d}
   (You found it on level 1 of the Dungeon)
Scrolls
 Y - a scroll of teleportation {@r3}
Potions
 c - a potion of flight {unknown}
 i - a potion of curing {unknown}
 M - a potion of might


   Skills:
 - Level 3.0 Fighting
 + Level 3.9 Axes
 - Level 3.0 Dodging
 - Level 3.0 Shields


You had 2 spell levels left.
You didn't know any spells.
Your spell library was empty.

Dungeon Overview and Level Annotations

Branches:
Dungeon (2/15) Zot: 10859

Altars:

Annotations:
D:2 Robin


Innate Abilities, Weirdness & Mutations

You cannot wear most types of armour.
You are amphibious.
You can wear up to eight rings at the same time.
Your skin changes colour to match your surroundings (Stealth+).
Your rubbery body absorbs attacks. (AC +1, EV +1)
((You are camouflaged when in or above water. (Stealth+)))
You have tentacles for arms and can constrict up to eight enemies at once.


Message History

The goblin unwields a +0 sling.
The goblin wields a +0 dagger.
The goblin hits you with a +0 dagger.
You miss the goblin. You grab the goblin. You constrict the goblin.
The goblin barely misses you.
You hit the goblin.
You kill the goblin!
No target in view!
Things that are here:
a +0 dagger; a +0 sling; Health restored: 26
Things that are here:
a +0 club; a +0 club
Things that are here:
a +0 dagger; a +0 sling 2 goblins come into view.
The goblin shouts!
The kobold barely misses you.
The goblin shouts!
You slash the kobold!
You kill the kobold!
The goblin hits you with a +0 club.
You take 5 damage, and have 21/26 hp.
You hit the goblin.
You kill the goblin!
You closely miss the goblin. You grab the goblin. You squeeze the goblin.
You kill the goblin!
No target in view!
Found a stone staircase leading down.
Health restored: 26
g - 2 scrolls labelled PUYJEO JYBBEY (gained 1)
You see here a +0 club.
You now have 33 gold pieces (gained 11).
You open the door.
There is an open door here.
Found an escape hatch in the floor.
There is an escape hatch in the floor here.
h - a scroll labelled SOLEOHOTHREW
i - a ruby potion A giant cockroach comes into view.
A giant cockroach is nearby!
You block the giant cockroach's attack.
You hit the giant cockroach. Your grab misses the giant cockroach.
You squeeze the giant cockroach. The giant cockroach bites you. x2
You take 3 damage, and have 23/26 hp.
You closely miss the giant cockroach. You grab the giant cockroach.
You constrict the giant cockroach.
You kill the giant cockroach!
No target in view!
You see here a +0 leather armour.
You now have 39 gold pieces (gained 6).
You see here a +0 leather armour.
Found a glowing scarf.
Health restored: 26
Found a stone staircase leading down.
As you read the scroll labelled PUYJEO JYBBEY, it crumbles to dust.
You feel strangely unstable.
It was a scroll of teleportation.
Y - a scroll of teleportation
As you read the scroll labelled SOLEOHOTHREW, it crumbles to dust.
You hear a loud clanging noise!
It was a scroll of noise.
You hear a shout!
Unknown command.
Your surroundings suddenly seem different.
Things that are here:
a +0 club; a +0 club
Things that are here:
a +0 dagger; a +0 sling A goblin comes into view.
It is wielding a +0 dagger.
A goblin and a hobgoblin come into view.
Robin shouts!
The goblin shouts! x2
Robin throws the goblin at you! The goblin hits you with a +0 dagger.
You take 6 damage, and have 20/26 hp.
MASSIVE DAMAGE!!
You closely miss the goblin.
The goblin shouts! x2; The hobgoblin shouts!
Your grab misses the goblin. Your squeeze misses the goblin.
The goblin unwields a +0 dagger.
The goblin wields a +0 sling.
The goblin shoots a sling bullet.
The sling bullet hits you.
Robin roars a battlecry!
The goblins go into a battle-frenzy!
The goblin hits you with a +0 dagger. The goblin hits you but does no damage.
Robin throws the goblin at you!
You take 7 damage, and have 13/26 hp.
MASSIVE DAMAGE!!
You slash the goblin!
You kill the goblin!
You hit the goblin but do no damage.
The goblin shoots a sling bullet.
The sling bullet closely misses you. Robin throws the goblin at you!
The goblin hits you with a +0 dagger.
* * * LOW HITPOINT WARNING * * *
The goblin unwields a +0 sling.
The goblin wields a +0 dagger.
The goblin hits you with a +0 dagger.
* * * LOW HITPOINT WARNING * * *
You take 11 damage, and have 2/26 hp.
MASSIVE DAMAGE!!
You hit the goblin. You grab the goblin. You hit the goblin.
You constrict the goblin.
You kill the goblin!
The goblin hits you with a +0 dagger.
You die...

#################
..........).)...#
###############.#
#)#########
##)@g.......
###....)..###
#...gg.g..#
#########.#..g....#
..................#
#######.##........#
#.##........#
#.#######.##.#........
#.........##.##########


You could see Robin, a hobgoblin (strong) and 3 goblins.

Vanquished Creatures
  2 dart slugs (D:1)
  3 ball pythons (D:1)
  4 bats (D:1)
  3 endoplasms
  A giant cockroach (D:2)
  11 goblins
  3 hobgoblins
  3 kobolds
  3 quokkas (D:1)
  2 frilled lizards (D:1)
  A rat (D:1)
36 creatures vanquished.

Notes
Turn   | Place    | Note
-------+----------+-------------------------------------------
     0 | D:1      | sokol815 the Octopode Fighter began the quest for the Orb.
     0 | D:1      | Reached XP level 1. HP: 16/16 MP: 1/1
   211 | D:1      | Reached XP level 2. HP: 21/21 MP: 2/2
   223 | D:1      | Reached skill level 3 in Axes
   420 | D:1      | Reached XP level 3. HP: 22/26 MP: 3/3
   872 | D:2      | Noticed Robin
  1114 | D:2      | HP: 2/26 [goblin/+0 dagger[Robin] (5)]
  1115 | D:2      | Slain by a goblin

Illustrated notes

Levels and vault maps discovered:
D:1:      kennysheep_arrival_seaside, layout_basic, serial_aquarium,
          aquarium_bridge_straight [aquarium_subvault_bridge,
          aquarium_subvault_balcony, aquarium_subvault_bridge,
          aquarium_subvault_wall], aquarium_window_fake, aquarium_window_fake,
          aquarium_view_2g, aquarium_pool_corner
D:2:      layout_basic, due_unseen_surprise, uniq_robin, uniq_sigmund

Skill      XL: |  1  2 |
---------------+-------+-----
Axes           | 3 |  3.9
Fighting       | |  3.0
Dodging        | |  3.0
Shields        | |  3.0

Action                   || total
-------------------------++-------
Melee: War axe           ||    57
       Tentacles         ||    14
       Constrict         ||    17
Throw: Stone             ||     9
  Use: Scroll            ||     2
Armor: Skin              ||     2
Dodge: Dodged            ||    35
Block: Buckler           ||     5

Table legend: (Time is in decaauts)
 A = Elapsed time spent in this place.
 B = Non-inter-level travel time spent in this place.
 C = Inter-level travel time spent in this place.
 D = Time resting spent in this place.
 E = Time spent auto-exploring this place.
 F = Levels seen in this place.
 G = Mean time per level.
                   A        B        C        D        E       F      G
               +--------+--------+--------+--------+--------+-----+--------+
         Total |   1139 |   1112 |     27 |      0 |    878 |   2 |  569.5 |
       Dungeon |   1139 |   1112 |     27 |      0 |    878 |   2 |  569.5 |
               +--------+--------+--------+--------+--------+-----+--------+

Top non-repeatable levels by time:
     D:1: 870 daAuts
     D:2: 268 daAuts

Table legend:
 A = Kills in this place as a percentage of kills in entire the game.
 B = Kills by you in this place as a percentage of kills by you in the entire game.
 C = Kills by friends in this place as a percentage of kills by friends in the entire game.
 D = Other kills in this place as a percentage of other kills in the entire game.
 E = Experience gained in this place as a percentage of experience gained in the entire game.
 F = Experience gained in this place divided by the number of levels of this place that you have seen.
                   A       B       C       D       E      F
               +-------+-------+-------+-------+-------+----------------------
         Total | 100.0 | 100.0 |   N/A |   N/A | 100.0 |  34.0
       Dungeon | 100.0 | 100.0 |   N/A |   N/A | 100.0 |  34.0
               +-------+-------+-------+-------+-------+----------------------
